 Dungeon Crawl Stone Soup version 0.25.0-3-gd7cc5688da (webtiles) character file.

Game seed: 16271358004094093570

113380 Anothat the Executioner (level 16, -7/151 HPs)
             Began as a Hill Orc Monk on June 15, 2020.
             Was the Champion of Beogh.
             Mangled by a shambling mangrove (11 damage)
             ... on level 4 of the Swamp.
             The game lasted 01:20:38 (38584 turns).

Anothat the Executioner (Hill Orc Monk)            Turns: 38584, Time: 01:20:39

Health: -7/151     AC: 30    Str: 21      XL:     16   Next: 63%
Magic:  16/16      EV:  5    Int: 11 (12) God:    Beogh [******]
Gold:   1229       SH: 19    Dex: 16      Spells: 15/15 levels left

rFire    + + .     SeeInvis .   i - +3 war axe (flame)
rCold    + . .     Gourm    .   o - +2 shield of Resistance {rF+ rC+ MR+}
rNeg     + . .     Faith    .   g - +1 plate armour {rF+}
rPois    +         Spirit   .   (no helmet)
rElec    +         Reflect  .   (no cloak)
rCorr    .         Harm     .   K - +2 pair of gloves {Dex+3}
MR       ++...                  H - +0 pair of boots
Stlth    ..........             (no amulet)
HPRegen  0.35/turn              N - +4 ring of protection
MPRegen  0.15/turn              A - ring of Harmony {rElec rPois rN+ AC+4}

@: grasped by roots, constricted
A: walk on water, large bone plates 1, clever 1, deterioration 1, wild magic 1
a: Smiting, Recall Orcish Followers, Give Item to Named Follower, Resurrection,
Renounce Religion


You were on level 4 of the Swamp.
You worshipped Beogh.
Beogh was exalted by your worship.
You were not hungry.

You visited 4 branches of the dungeon, and saw 26 of its levels.
You visited the Abyss 1 time.
You also visited: Ossuary.

You collected 2361 gold pieces.
You spent 1132 gold pieces at shops.

Inventory:

Hand Weapons
 a - a +0 hand axe of flaming
 i - a +3 war axe of flaming (weapon)
 t - a +2 great sword of holy wrath
 E - a +0 broad axe
 J - the +5 long sword "Vozem" {antimagic, Int+9 Dex-2}
   (You found it on level 2 of the Swamp)

   It reduces the magical energy of the wielder, and disrupts the spells and
   magical abilities of those hit.
   Natural abilities and divine invocations are not affected.
   It affects your intelligence (+9).
   It affects your dexterity (-2).
 L - a +2 war axe of venom
 M - a +2 eveningstar of protection
Armour
 g - a +1 plate armour of fire resistance (worn)
 o - the +2 shield of Resistance (worn) {rF+ rC+ MR+}
   (You found it on level 14 of the Dungeon)

   It protects you from fire.
   It protects you from cold.
   It affects your resistance to hostile enchantments.
 p - a +0 plate armour
 v - a +1 pair of gloves
 y - a +1 helmet of see invisible
 G - a +0 hat
 H - a +0 pair of boots (worn)
 I - a +0 kite shield
 K - a +2 pair of gloves of dexterity (worn)
 T - a +0 tower shield
Jewellery
 b - an uncursed ring of stealth
 u - an uncursed ring of resist corrosion
 w - an uncursed amulet of magic regeneration
 x - a +6 ring of strength
 A - the ring of Harmony (right hand) {rElec rPois rN+ AC+4}
   (You found it on level 14 of the Dungeon)

   [ring of protection]

   It affects your AC (+4).
   It insulates you from electricity.
   It protects you from poison.
   It protects you from negative energy.
 D - a +6 ring of strength
 N - a +4 ring of protection (left hand)
 R - an uncursed ring of protection from magic {unknown}
Wands
 d - a wand of polymorph (5)
 k - a wand of paralysis (20)
 C - a wand of iceblast (9)
 O - a wand of flame (28)
 S - a wand of enslavement (9)
 U - a wand of random effects (48)
 V - a wand of acid (8)
Scrolls
 f - 5 scrolls of enchant armour
 j - 3 scrolls of immolation
 n - 8 scrolls of teleportation
 q - 5 scrolls of amnesia
 B - 6 scrolls of remove curse
 F - a scroll of summoning
 P - 2 scrolls of blinking
 Q - a scroll of fog
 X - 2 scrolls of identify
 Z - 5 scrolls of fear
Potions
 h - 3 potions of flight
 l - 6 potions of lignification
 m - a potion of cancellation
 r - 5 potions of stabbing
 s - 10 potions of curing
 z - 3 potions of brilliance
Comestibles
 c - 23 rations


   Skills:
 + Level 15.9 Fighting
 * Level 22.6 Axes
 + Level 14.3 Armour
 + Level 3.5 Dodging
 - Level 1.5 Stealth
 + Level 12.0 Shields


You had 15 spell levels left.
You didn't know any spells.
Your spell library contained the following spells:

 Spells                   Type           Power        Failure   Level  Hunger
 Animate Skeleton         Necr           N/A          100%        1    ##.....
 Foxfire                  Conj/Fire      #...         100%        1    ##.....
 Magic Dart               Conj           #...         100%        1    ##.....
 Pain                     Necr           #...         100%        1    ##.....
 Blink                    Tloc           N/A          100%        2    ###....
 Call Imp                 Summ           #.......     100%        2    ###....
 Corpse Rot               Necr/Air       N/A          100%        2    ###....
 Slow                     Hex            #.......     100%        2    ###....
 Sublimation of Blood     Necr           #.........   100%        2    ###....
 Conjure Flame            Conj/Fire      #.......     100%        3    ####...
 Ignite Poison            Fire/Tmut/Pois #.......     100%        3    ####...
 Inner Flame              Hex/Fire       #.......     100%        3    ####...
 Mephitic Cloud           Conj/Pois/Air  #.......     100%        3    ####...
 Stone Arrow              Conj/Erth      #.....       100%        3    ####...
 Vampiric Draining        Necr           #.........   100%        3    ####...
 Animate Dead             Necr           N/A          100%        4    #####..
 Leda's Liquefaction      Hex/Erth       #.........   100%        4    #####..
 Petrify                  Tmut/Erth      #.......     100%        4    #####..
 Sticky Flame             Conj/Fire      #.......     100%        4    #####..
 Agony                    Necr           #.......     100%        5    ######.
 Alistair's Intoxication  Tmut/Pois      #.......     100%        5    ######.
 Bolt of Magma            Conj/Fire/Erth #.........   100%        5    ######.
 Fireball                 Conj/Fire      #.........   100%        5    ######.
 Irradiate                Conj/Tmut      #.........   100%        5    ######.
 Summon Forest            Summ/Tloc      #.........   100%        5    ######.
 Eringya's Noxious Bog    Tmut/Pois      #.........   100%        6    #######
 Hydra Form               Tmut           #.........   100%        6    #######
 Iron Shot                Conj/Erth      #.........   100%        6    #######
 Statue Form              Tmut/Erth      #........    100%        6    #######
 Summon Hydra             Summ           #.........   100%        7    #######
 Shatter                  Erth           #.........   100%        9    #######


Dungeon Overview and Level Annotations

Branches:
Dungeon (14/15)            Temple (0/1) D:5            Lair (6/6) D:9
  Swamp (4/4) Lair:2        Snake (0/4) Lair:4        Slime (0/5) Lair:5
    Orc (2/2) D:10            Elf (0/3) Orc:2        Vaults (0/5) D:14
Ossuary (visited)

Altars:
Cheibriados
Dithmenos
Elyvilon
Gozag
Hepliaklqana
Kikubaaqudgha
Makhleb
Okawaru
Ru
Sif Muna
Trog

Shops:
D:4 [   Orc:1 [   Orc:2 %?[[

Annotations:
D:14 1 runed translucent door
Orc:2 Saint Roka


Innate Abilities, Weirdness & Mutations

You can walk on water.
You are partially covered in large bone plates. (SH +4)
Your mind is acute. (Int +2)
Your body sometimes deteriorates upon taking damage.
Your spells are a little harder to cast, but a little more powerful.


Message History

Beogh accepts your kill.
The hornet stings Boldo but does no damage.
Boldo hits the hornet with a +0 demon trident!
The hornet dies!
Beogh accepts your kill.
Your Shields skill increases to level 12!
You escape the roots' grasp.
Roots burst forth from the earth!
The grasping roots grab you!
* * * LOW HITPOINT WARNING * * *
The grasping roots constrict you!!
You see here a hydra corpse.
You feel better.
* * * LOW HITPOINT WARNING * * *
The grasping roots constrict you!
Blink to where?
Press: ? - help, Dir - move target cursor The roots' grasp on you weakens, but your attempt to escape fails.
As you read the scroll of blinking, it crumbles to dust.
A swamp worm comes into view.
You die...

♣♣♣♣♣...♣♣ ♣♣♣♣
♣♣<...≈≈≈≈♣♣♣♣≈≈♣♣♣♣
♣.≈≈≈≈≈≈≈.....≈≈≈.≈♣ ♣♣
♣.≈≈≈....≈♣...≈≈≈≈≈)
♣≈♣♣♣[†.♣♣♣♣♣♣♣≈≈≈≈≈≈≈≈
♣≈≈†[♣[)♣ ♣♣.≈≈.≈≈≈≈ ≈≈
♣..≈))≈.♣♣♣♣♣♣.≈..♣.≈≈≈
≈$≈.♣≈.♣.≈≈.....♣...♣♣♣♣.≈
≈≈..§†.≈≈f@.≈§≈≈.♣♣≈≈♣♣ ♣♣♣
≈≈≈≈≈....o.≈.≈≈≈..♣≈.≈♣
≈..w.........≈≈≈≈.....♣♣♣♣♣
≈♣♣#≈...##..≈≈≈≈≈...≈..o..♣
###.###♣≈.♣≈..^..≈≈≈≈.≈♣
≈≈. ##≈.≈.♣≈≈.≈≈≈≈o♣♣ ..≈.
#≈≈≈.≈≈..≈≈≈.♣ ..≈§.
#≈....≈≈...♣♣♣ §.§
#.≈...........


You could see a shambling mangrove, a swamp worm and the friendly Boldo the orc
warlord.

Vanquished Creatures
  2 tentacled starspawn (Abyss:3)
  Roxanne (Swamp:3)
  Nessos (Lair:6)
  Azrael (D:12)
  An ettin (D:11)
  Josephine (D:12)
  2 fire dragons
  2 ghost crabs
  11 hydras
  An ice dragon (D:14)
  A shambling mangrove (Swamp:2)
  Erica (D:8)
  3 two-headed ogres
  6 death yaks
  9 alligators
  2 centaur warriors
  A tengu warrior (D:14)
  Urug (Lair:5)
  A wretched star (Abyss:3)
  A fire crab (Lair:5)
  A spriggan druid (Swamp:3)
  A lindwurm (Lair:6)
  6 swamp dragons
  A wolf spider zombie (D:13)
  A phantasmal warrior (D:14)
  Pikel (D:7)
  2 orc sorcerers (Orc:2)
  4 ugly things
  5 cyclopes
  A manticore (D:14)
  5 black mambas
  3 smoke demons (Abyss:3)
  7 elephants
  A gargoyle (D:10)
  An apocalypse crab (Abyss:3)
  8 komodo dragons
  2 freezing wraiths
  10 spiny frogs
  An efreet (D:14)
  5 rime drakes
  An ancient zyme (Abyss:3)
  2 hellwings (Abyss:3)
  A troll (Orc:2)
  5 slime creatures
  A tyrant leech (Swamp:3)
  7 hornets
  2 raiju (Abyss:3)
  2 bog bodies (Swamp:1)
  2 blink frogs (Lair:6)
  7 dream sheep
  6 hippogriffs
  3 shadows
  A ynoxinul (Abyss:3)
  4 yaks
  A spriggan (Swamp:1)
  6 hogs
  A hungry ghost (D:11)
  3 basilisks
  4 wraiths
  A wyvern (Lair:1)
  A human (D:7)
  3 fire elementals (D:12)
  20 vampire mosquitoes
  Menkaure (D:7)
  2 insubstantial wisps (Swamp:2)
  4 steam dragons (Lair:6)
  A soldier ant (D:11)
  10 swamp worms
  A large abomination (Abyss:3)
  A two-headed ogre zombie (D:10)
  2 acid dragons
  Duvessa (D:6)
  5 hell hounds
  9 water moccasins
  6 porcupines
  5 orc warriors
  Purgy (D:4)
  4 phantoms
  2 black bears
  5 ice beasts
  5 sky beasts
  A slave (D:7)
  2 swamp drakes
  5 ogres
  4 wolves
  3 centaurs
  5 crocodiles
  2 big kobolds
  An elf zombie (Ossuary)
  12 bullfrogs
  A gnoll sergeant (D:7)
  4 small abominations (Abyss:3)
  2 scorpions
  Dowan (D:6)
  16 killer bees
  A howler monkey (D:10)
  7 wights
  5 crimson imps
  A bullfrog zombie (D:5)
  2 quasits
  4 centaur zombies
  A human zombie (Ossuary)
  4 orc priests
  4 bullfrog skeletons
  4 centaur skeletons
  4 hounds
  6 jellies
  16 orc wizards
  6 iguanas
  6 worker ants
  4 big kobold zombies (Ossuary)
  7 ogre zombies (D:10)
  A hound zombie (Ossuary)
  2 hound skeletons
  3 mummies (Ossuary)
  A worker ant zombie (D:11)
  7 adders
  4 gnolls (D:7)
  2 oozes
  3 adder zombies (Ossuary)
  An adder skeleton (D:9)
  7 worms
  2 dart slugs
  5 leopard geckos
  22 orcs
  A bat zombie (D:7)
  12 giant cockroaches
  6 hobgoblins
  6 jackals
  18 kobolds
  5 quokkas
  2 ball pythons
  13 bats
  5 frilled lizards
  9 goblins
  A goblin skeleton (D:10)
  6 goblin zombies
  3 hobgoblin skeletons (D:10)
  4 hobgoblin zombies
  2 jackal zombies (Ossuary)
  5 kobold zombies (Ossuary)
  2 orc skeletons (D:10)
  16 orc zombies
  A quokka skeleton (D:4)
  5 quokka zombies
  11 rats
  7 rat zombies
  6 fungi
  2 plants (D:9)
  2 starspawn tentacles (Abyss:3)
615 creatures vanquished.

Vanquished Creatures (collateral kills)
  A thorn hunter (Swamp:2)
  Kirke (Swamp:2)
  Louise (Swamp:3)
  2 fire dragons (D:14)
  An ettin (Orc:2)
  A ghost crab (Swamp:3)
  5 hydras
  An ice dragon (D:14)
  A catoblepas (D:13)
  2 centaur warriors (D:14)
  5 shambling mangroves
  A death knight (D:14)
  A death yak (Lair:6)
  7 alligators
  3 two-headed ogres
  2 orc high priests
  2 spriggans
  2 swamp dragons (Swamp:4)
  3 spriggan druids
  2 lindwurms (Swamp:4)
  An unseen horror (D:12)
  An orc knight (Orc:2)
  5 ugly things
  2 orc sorcerers (Orc:2)
  3 elephants
  A cyclops (D:14)
  A black mamba (Lair:4)
  2 spiny frogs
  2 centaur skeletons
  A freezing wraith (D:14)
  3 komodo dragons
  7 hornets
  5 tyrant leeches
  4 trolls
  A hornet (shapeshifter) (D:14)
  3 slime creatures
  3 dream sheep (Lair:5)
  A blink frog (Lair:6)
  3 hippogriffs
  2 bog bodies (Swamp:3)
  2 shadows
  4 wraiths (D:14)
  A yak (D:11)
  A vampire (D:14)
  A hog (Swamp:2)
  2 insubstantial wisps (Swamp:2)
  14 vampire mosquitoes
  A swamp worm (Swamp:1)
  A water moccasin (D:10)
  5 orc warriors (Orc:2)
  3 swamp drakes
  A necrophage (D:14)
  An ice beast (D:14)
  A wolf (Lair:6)
  An ogre (Orc:2)
  8 centaurs
  2 bullfrogs
  A wyvern skeleton (D:12)
  A jelly (D:14)
  A wight (D:14)
  2 howler monkeys (D:10)
  2 hounds
  A crimson imp (D:13)
  10 orc wizards
  6 orc priests
  A shadow imp (D:13)
  A leopard gecko (D:11)
  18 orcs
  A kobold (D:12)
  An orc zombie (D:10)
190 creatures vanquished.

Vanquished Creatures (others)
  An orc warlord (Swamp:4)
  3 orc knights
  An orc sorcerer (Orc:2)
  A human (Swamp:2)
  A swamp worm (Swamp:4)
  A swamp drake (Swamp:4)
  8 orc warriors
  A slave (D:7)
  7 orc priests
  16 orc wizards
  29 orcs
  A plant (Lair:6)
  4 starspawn tentacles (Abyss:3)
74 creatures vanquished.

Grand Total: 879 creatures vanquished

Notes
Turn   | Place    | Note
-------+----------+-------------------------------------------
     0 | D:1      | Anothat the Hill Orc Monk began the quest for the Orb.
     0 | D:1      | Reached XP level 1. HP: 19/19 MP: 1/1
   159 | D:1      | Reached XP level 2. HP: 27/27 MP: 2/2
   518 | D:1      | Reached skill level 5 in Axes
   607 | D:1      | Reached XP level 3. HP: 26/33 MP: 3/3
  1269 | D:2      | Reached XP level 4. HP: 12/41 MP: 4/4
  1588 | D:2      | Found a white marble altar of Elyvilon.
  1939 | D:2      | Reached skill level 6 in Axes
  2058 | D:2      | Found a burning altar of Makhleb.
  2058 | D:2      | Noticed a balrug
  2613 | D:3      | Noticed a moth of wrath
  2616 | D:3      | Found a bloodstained altar of Trog.
  3011 | D:3      | Reached XP level 5. HP: 42/47 MP: 5/5
  3187 | D:3      | Reached skill level 1 in Armour
  3305 | D:3      | Found a snail-covered altar of Cheibriados.
  3516 | D:3      | Found a shimmering blue altar of Sif Muna.
  3606 | D:4      | Reached skill level 5 in Fighting
  3606 | D:4      | Reached skill level 7 in Axes
  3686 | D:4      | Noticed Purgy
  3707 | D:4      | Killed Purgy
  3707 | D:4      | Reached XP level 6. HP: 43/56 MP: 6/6
  3844 | D:4      | Found a sand-covered staircase.
  3858 | Ossuary  | Entered an ossuary
  3961 | Ossuary  | Reached skill level 8 in Axes
  4010 | Ossuary  | Reached XP level 7. HP: 41/62 MP: 7/7
  4647 | D:4      | Found Momiog's Armour Emporium.
  4653 | D:4      | Bought a +0 helmet of see invisible for 161 gold pieces
  4786 | D:4      | Found a sacrificial altar of Ru.
  4924 | D:5      | Entered Level 5 of the Dungeon
  5110 | D:5      | Found a staircase to the Ecumenical Temple.
  5176 | D:5      | Found a shimmering blue altar of Sif Muna.
  5588 | D:6      | Noticed a yak
  5588 | D:6      | Noticed a yak
  5588 | D:6      | Noticed a yak
  5588 | D:6      | Noticed a yak
  5588 | D:6      | Noticed a yak
  5588 | D:6      | Noticed a yak
  5619 | D:5      | Killed a yak
  5619 | D:5      | Reached skill level 9 in Axes
  5619 | D:5      | Reached XP level 8. HP: 46/71 MP: 8/8
  6084 | D:6      | Noticed Duvessa
  6084 | D:6      | Noticed Dowan
  6094 | D:6      | Killed Dowan
  6094 | D:6      | Reached skill level 1 in Shields
  6102 | D:6      | Killed Duvessa
  6135 | D:6      | Reached skill level 10 in Axes
  6553 | D:6      | Killed a yak
  7072 | D:7      | Reached skill level 5 in Armour
  7125 | D:7      | Reached XP level 9. HP: 30/79 MP: 9/9
  7455 | D:7      | Noticed Pikel
  7468 | D:7      | Paralysed by Pikel for 4 turns
  7479 | D:7      | Killed Pikel
  7479 | D:7      | Reached skill level 11 in Axes
  7520 | D:7      | Noticed Menkaure
  7528 | D:7      | Killed Menkaure
  7594 | D:7      | Found an ancient bone altar of Kikubaaqudgha.
  7755 | D:7      | Became a worshipper of Beogh the Brigand
  7755 | D:7      | Reached * piety under Beogh
  7755 | D:7      | Reached ** piety under Beogh
  8048 | D:7      | Reached skill level 12 in Axes
  8359 | D:7      | Reached XP level 10. HP: 85/90 MP: 10/10
  9020 | D:6      | Found a shadowy altar of Dithmenos.
  9177 | D:6      | Reached skill level 13 in Axes
  9846 | D:8      | Found a hazy altar of Hepliaklqana.
 10039 | D:8      | Reached *** piety under Beogh
 10439 | D:8      | Noticed Erica
 10454 | D:8      | Killed Erica
 10675 | D:9      | Reached skill level 14 in Axes
 10734 | D:9      | Found an iron altar of Okawaru.
 11207 | D:9      | Noticed a cyclops
 11218 | D:9      | Killed a cyclops
 11218 | D:9      | Reached skill level 10 in Fighting
 11419 | D:9      | Found a staircase to the Lair.
 12030 | D:10     | Entered Level 10 of the Dungeon
 12058 | D:10     | Reached XP level 11. HP: 100/100 MP: 11/11
 12470 | D:10     | Found a staircase to the Orcish Mines.
 12487 | D:10     | Reached **** piety under Beogh
 12724 | D:10     | Reached skill level 15 in Axes
 13291 | D:10     | Noticed a two-headed ogre
 13308 | D:10     | Killed a two-headed ogre
 13619 | Orc:1    | Entered Level 1 of the Orcish Mines
 13931 | Orc:1    | Found Mypreid's Antique Armour Shoppe.
 13938 | Orc:1    | Bought a glowing plate armour for 754 gold pieces
 13967 | Orc:2    | Entered Level 2 of the Orcish Mines
 13967 | Orc:2    | Noticed an ettin
 13968 | Orc:2    | Found a staircase to the Elven Halls.
 13977 | Orc:2    | Killed an ettin
 13977 | Orc:2    | Noticed an orc sorcerer
 13980 | Orc:2    | Noticed a two-headed ogre
 14242 | Orc:2    | Noticed an orc sorcerer
 14261 | Orc:2    | Killed an orc sorcerer
 14532 | Orc:2    | Noticed Saint Roka
 14824 | Orc:2    | Killed a two-headed ogre
 14849 | Orc:2    | Killed an orc sorcerer
 14850 | Orc:2    | Reached ***** piety under Beogh
 14879 | Orc:2    | Noticed an orc high priest
 14882 | Orc:2    | Noticed an orc sorcerer
 14885 | Orc:2    | Noticed an orc sorcerer
 14888 | Orc:2    | Noticed a sixfirhy
 14891 | Orc:2    | Noticed an orc sorcerer
 14892 | Orc:2    | Killed an orc high priest
 14892 | Orc:2    | Gained Warbeogh as an ally
 14902 | Orc:2    | Killed an orc sorcerer
 14902 | Orc:2    | Reached skill level 16 in Axes
 14916 | Orc:2    | Your ally Warbeogh died
 15107 | Orc:2    | Found Iwypruq's Antique Armour Shoppe.
 15107 | Orc:2    | Found Etayc's Armour Shoppe.
 15108 | Orc:2    | Found Yxkeguah's Magic Scroll Emporium.
 15125 | Orc:2    | Found Hinke's Food Emporium.
 15198 | Orc:2    | Noticed an orc sorcerer
 15221 | Orc:2    | Gained mutation: You have a pair of small horns on your
                  | head. [a neqoxec]
 15223 | Orc:2    | Gained mutation: Scrolls take you a little longer to read.
                  | [a neqoxec]
 15225 | Orc:2    | Killed an orc sorcerer
 15537 | Orc:2    | Noticed an orc knight
 15548 | Orc:2    | Killed an orc knight
 16378 | Lair:1   | Entered Level 1 of the Lair of Beasts
 16561 | Lair:1   | Reached XP level 12. HP: 97/110 MP: 12/12
 16611 | Lair:1   | Noticed a six-headed hydra
 16626 | Lair:1   | Killed a one-headed hydra
 16626 | Lair:1   | Reached skill level 10 in Armour
 17504 | Lair:2   | Reached skill level 5 in Shields
 17512 | Lair:2   | Reached skill level 17 in Axes
 17512 | Lair:2   | Gained Dorog as an ally
 17518 | Lair:2   | Found a staircase to the Swamp.
 17779 | Lair:2   | Found a dark tunnel.
 18654 | Lair:3   | Noticed a death yak
 18655 | Lair:3   | Noticed a death yak
 18655 | Lair:3   | Noticed a death yak
 18655 | Lair:3   | Noticed a death yak
 18764 | Lair:3   | Your ally Dorog died
 18769 | Lair:3   | Killed a death yak
 18770 | Lair:3   | Killed a death yak
 18771 | Lair:3   | Killed a death yak
 18772 | Lair:3   | Killed a death yak
 19852 | Lair:4   | Found a staircase to the Snake Pit.
 19924 | Lair:4   | Gained Milork as an ally
 20102 | Lair:4   | Reached XP level 13. HP: 104/119 MP: 13/13
 20244 | Lair:4   | Reached skill level 18 in Axes
 21143 | Lair:5   | Noticed Urug
 21162 | Lair:5   | Killed Urug
 22070 | Lair:5   | Found a staircase to the Slime Pits.
 22258 | Lair:6   | Entered Level 6 of the Lair of Beasts
 22258 | Lair:6   | Noticed Nessos
 22537 | Lair:6   | Killed Nessos
 23361 | Lair:6   | Your ally Milork died
 23366 | Lair:6   | Reached skill level 19 in Axes
 23800 | Lair:6   | Lost mutation: You have a pair of small horns on your head.
                  | [potion of mutation]
 23800 | Lair:6   | Lost mutation: Scrolls take you a little longer to read.
                  | [potion of mutation]
 23800 | Lair:6   | Gained mutation: Your spells are a little harder to cast,
                  | but a little more powerful. [potion of mutation]
 23800 | Lair:6   | Gained mutation: Your body sometimes deteriorates upon
                  | taking damage. [potion of mutation]
 23800 | Lair:6   | Gained mutation: You are partially covered in large bone
                  | plates. (SH +4) [potion of mutation]
 23800 | Lair:6   | Gained mutation: Your mind is acute. (Int +2) [potion of
                  | mutation]
 24692 | Lair:6   | Reached XP level 14. HP: 76/129 MP: 14/14
 25550 | D:11     | Found a frozen archway.
 25701 | D:11     | Found an opulent altar of Gozag.
 25701 | D:11     | Found a burning altar of Makhleb.
 25706 | D:11     | Reached ****** piety under Beogh
 25832 | D:12     | Noticed Azrael
 25845 | D:12     | Killed Azrael
 25863 | D:12     | Noticed Josephine
 25871 | D:12     | Killed Josephine
 26264 | D:12     | Reached skill level 20 in Axes
 28037 | D:14     | Found a runed translucent door.
 28040 | D:14     | Found the +2 shield of Resistance {rF+ rC+ MR+}
 28043 | D:14     | Found a runed translucent door.
 28116 | D:14     | Gained Boldo as an ally
 29072 | D:14     | Reached skill level 10 in Shields
 29231 | D:14     | Reached XP level 15. HP: 108/139 MP: 15/15
 29254 | D:14     | Got a twitching amber ring
 29725 | D:14     | Found a gate to the Vaults.
 30310 | Swamp:1  | Entered Level 1 of the Swamp
 30395 | Swamp:1  | Gained Alork as an ally
 30451 | Swamp:1  | Reached skill level 21 in Axes
 30667 | Swamp:1  | Identified the ring of Harmony {rElec rPois rN+ AC+4} (You
                  | found it on level 14 of the Dungeon)
 31461 | Swamp:2  | Noticed Kirke
 31480 | Swamp:2  | Killed Kirke
 31607 | Swamp:2  | Noticed a thorn hunter
 31617 | Swamp:2  | Killed a thorn hunter
 31617 | Swamp:2  | Reached skill level 15 in Fighting
 31959 | Swamp:2  | Got a scorched long sword
 31993 | Swamp:2  | Identified the +5 long sword "Vozem" {antimagic, Int+9
                  | Dex-2} (You found it on level 2 of the Swamp)
 33383 | Swamp:3  | Identified Roxanne's Papyrus of Transformation
 33383 | Swamp:3  | Noticed Roxanne
 33813 | Swamp:3  | Noticed Louise
 33827 | Swamp:3  | Cast into level 3 of the Abyss (Louise)
 33897 | Abyss:3  | Found a corrupted altar of Lugonu.
 34012 | Abyss:3  | Found a sparkling altar of Nemelex Xobeh.
 34232 | Abyss:3  | Noticed a bone dragon
 34264 | Abyss:3  | Found a corrupted altar of Lugonu.
 34281 | Abyss:3  | Noticed a lich
 34457 | Abyss:3  | Noticed a tentacled starspawn
 34467 | Abyss:3  | Killed a tentacled starspawn
 34708 | Abyss:3  | Paralysed by an apocalypse crab for 6 turns
 34716 | Abyss:3  | Reached skill level 22 in Axes
 34716 | Abyss:3  | Reached XP level 16. HP: 65/149 MP: 14/14
 34982 | Abyss:3  | Noticed a tentacled starspawn
 34992 | Abyss:3  | Killed a tentacled starspawn
 35086 | Swamp:3  | Escaped the Abyss
 35105 | Swamp:3  | Killed Louise
 35338 | Swamp:3  | Killed Roxanne
 36747 | Orc:1    | Bought a pair of glowing gloves for 217 gold pieces
 37733 | Swamp:4  | Entered Level 4 of the Swamp
 38487 | Swamp:4  | Your ally Alork died
 38583 | Swamp:4  | HP: 3/151 [shambling mangrove (15)]
 38584 | Swamp:4  | Mangled by a shambling mangrove

Illustrated notes

Levels and vault maps discovered:
D:1:      matt_arrival_grand_opening, layout_basic, minmay_quantized
D:2:      layout_basic, elyvilon_altar_3, makhleb_altar_promises_db
D:3:      layout_loops_ring, lemuel_coloured_pillars_altar, tgw_trog,
          first_ration, lemuel_blue_sif_altar
D:4:      layout_rooms, enter_ossuary_4, serial_shops, nicolae_shop_statue_plus,
          nicolae_ru_path_of_blood, uniq_purgy
D:5:      layout_basic, nicolae_overflow_crystal_walls,
          minmay_temple_entry_sparse_star
D:6:      layout_cave_pools, nicolae_dithmenos_through_a_glass_darkly,
          uniq_duvessa
D:7:      layout_basic, lemuel_zombie_altar_kikubaaqudgha, grunt_livestock,
          uniq_pikel, uniq_menkaure
D:8:      layout_cave_pools, kennysheep_mini, uniq_erica
D:9:      layout_cave_pods, okawaru_gym_becter, dpeg_oklobed_lair,
          minmay_door_square, hangedman_decor_points
D:10:     layout_basic, zombieorc2_lemuel
D:11:     layout_big_octagon, portal_ice_cave_entry_pillars_2,
          jmf_multi_god_temple
D:12:     layout_loops_cross, uniq_azrael, uniq_josephine
D:13:     layout_loops_ring
D:14:     minmay_the_grid_3x3 [minmay_the_grid_expand,
          minmay_the_grid_stretched_grid, minmay_the_grid_outer_diamond,
          minmay_the_grid_zigzag_pyramid, minmay_the_grid_pillar_ring,
          minmay_the_grid_doors, minmay_the_grid_dragon_b,
          minmay_the_grid_aliased_spiral,
          minmay_the_grid_prize_shrinking_boxes], layout_stronghold,
          minmay_guarded_unrand_resistance
Lair:1:   layout_gridlike, lemuel_fruit_tree
Lair:2:   layout_gridlike, minmay_swamp_entry_swarm,
          nicolae_volcano_entry_two_sided
Lair:3:   layout_gridlike
Lair:4:   layout_roguey, dummy_snake_entry, beast_lair_carwin_5,
          infiniplex_staircase_pool_2
Lair:5:   layout_gridlike, minmay_slime_entry_pillars,
          minmay_stone_trees_medium, lemuel_fruit_fields, grunt_megastairs_4,
          uniq_urug
Lair:6:   hangedman_lair_in_review, layout_long_grid, guppyfry_lair_end_dragon,
          minivault_23, uniq_nessos
Swamp:1:  layout_basic_swamp, evilmike_swamp_ruin_house_4
Swamp:2:  layout_basic_swamp, serial_swamp_ruin, evilmike_swamp_ruin_rubble_1,
          evilmike_swamp_ruin_house_3, evilmike_swamp_ruin_wall, swamp_pool1,
          uniq_kirke
Swamp:3:  layout_basic_swamp, evilmike_swamp_ruin_house_1, uniq_louise,
          uniq_roxanne
Swamp:4:  swamp_alternative, layout_basic_swamp
Orc:1:    layout_caves, serial_shops, shop
Orc:2:    st_orc_mages, layout_caves, serial_shops, nicolae_shop_waterfront,
          uniq_saint_roka

Skill      XL: |  1  2  3  4  5  6  7  8  9 10 11 12 13 14 15 16 |
---------------+-------------------------------------------------+-----
Fighting       | 4 5 6 7 8 10 11 12 13 14 15 | 15.9
Axes           | 5 6 7 8 9 10 12 14 16 17 19 20 22 | 22.6
Armour         | 2 3 5 6 8 9 10 12 13 14 | 14.3
Shields        | 3 4 6 8 10 11 12 | 12.0
Dodging        | 3 |  3.5
Stealth        | |  1.5

Action                   |  1- 3 |  4- 6 |  7- 9 | 10-12 | 13-15 | 16-18 || total
-------------------------+-------+-------+-------+-------+-------+-------++-------
Melee: Hand axe          |   114 |   290 |   542 |   613 |       |       ||  1559
       War axe           |       |       |       |   171 |   999 |   240 ||  1410
       Headbutt          |       |       |       |    63 |    30 |       ||    93
Invok: Convert to Beogh  |       |       |     1 |       |       |       ||     1
       Recall Orcish Fol |       |       |       |     9 |    13 |     5 ||    27
       Give Item to Name |       |       |       |     2 |     2 |       ||     4
Evoke: Wand              |       |       |       |    19 |    23 |       ||    42
  Use: Potion            |       |     3 |    11 |     7 |    15 |     4 ||    40
       Scroll            |       |       |    11 |    12 |    19 |     8 ||    50
 Stab: Sleeping          |     6 |     2 |       |       |       |       ||     8
       Invisible         |       |     2 |     4 |       |     8 |       ||    14
       Paralysed         |       |       |       |    12 |     4 |       ||    16
       Distracted        |       |       |       |     5 |     6 |     2 ||    13
       Confused          |       |       |       |       |       |     2 ||     2
  Eat: Chunk             |     1 |     9 |     8 |     9 |    14 |     2 ||    43
       Ration            |       |       |     2 |     8 |    10 |     3 ||    23
Armor: Robe              |    24 |     3 |       |       |       |       ||    27
       Plate armour      |       |   164 |   331 |   317 |   364 |   115 ||  1291
Dodge: Dodged            |    91 |    79 |   103 |   164 |   179 |    43 ||   659
Block: Buckler           |       |       |    45 |    94 |       |       ||   139
       Kite shield       |       |       |       |    60 |   592 |   166 ||   818
